 Dungeon Crawl Stone Soup version 0.29.0 (webtiles) character file.

Game seed: 10759346461049876125

119 DemonSlayer the Firebug (level 4, -11/45 HPs)
             Began as a Demonspawn Fire Elementalist on Aug 25, 2022.
             Mangled by Edmund
             ... wielding a +1 dire flail of protection
              (16 damage)
             ... on level 3 of the Dungeon.
             The game lasted 00:04:38 (4041 turns).

DemonSlayer the Firebug (DsFE)                      Turns: 4041, Time: 00:04:39

Health: -11/45     AC:  5    Str:  8    XL:     4   Next: 74%
Magic:  1/8        EV: 12    Int: 19    God:
Gold:   245        SH:  0    Dex: 13    Spells: 3/9 levels left

rFire   . . .      SeeInvis .   g - +0 dagger (venom)
rCold   . . .      Faith    .   (no shield)
rNeg    . . .      Spirit   .   a - +0 robe
rPois   .          Reflect  .   (no helmet)
rElec   .          Harm     .   (no cloak)
rCorr   .          Rampage  .   (no gloves)
Will    .....                   (no boots)
Stlth   ..........              (no amulet)
HPRegen 0.15/turn               o - ring of flight
MPRegen 0.11/turn               (no ring)

@: berserking, flying, very quick
A: slimy green scales 2
a: no special abilities


You were on level 3 of the Dungeon.
You visited 1 branch of the dungeon, and saw 4 of its levels.

You collected 245 gold pieces.

Inventory:

Hand Weapons
 g - a +0 dagger of venom (weapon)
Armour
 a - a +0 robe (worn)
Jewellery
 o - a ring of flight (left hand)
Scrolls
 e - a scroll of amnesia {unknown}
 f - 4 scrolls of identify {unknown}
 h - 2 scrolls of magic mapping {unknown}
 i - a scroll of noise {unknown}
 k - 3 scrolls of silence {unknown}
 n - 2 scrolls of teleportation {unknown}
 q - 3 scrolls of immolation {unknown}
 s - a scroll of butterflies {unknown}
 u - a scroll of poison {unknown}
Potions
 b - a potion of magic
 c - 2 potions of flight {unknown}
 d - 4 potions of curing
 j - a potion of attraction {unknown}
 l - a potion of cancellation {unknown}
 m - a potion of berserk rage
 p - a potion of mutation {unknown}
 r - a potion of resistance {unknown}
 t - a potion of brilliance {unknown}


   Skills:
 + Level 0.1 Fighting
 + Level 0.3 Short Blades
 + Level 2.1 Dodging
 + Level 2.1 Stealth
 + Level 3.1 Spellcasting
 + Level 1.8 Conjurations
 + Level 3.6 Fire Magic


You had 3 spell levels left.
You knew the following spells:

 Your Spells              Type           Power      Damage    Failure   Level
a - Foxfire               Conj/Fire      52%        2x1d6     4%          1
b - Scorch                Fire           32%        2d6       4%          2
c - Conjure Flame         Conj/Fire      13%        6-21      14%         3

Your spell library contained the following spells:

 Spells                   Type           Power      Damage    Failure   Level
 Inner Flame              Hex/Fire       9%         N/A       22%         3
 Flame Wave               Conj/Fire      13%        2d6       43%         4


Dungeon Overview and Level Annotations

Branches:
Dungeon (4/15)
 Temple: D:4-7

Altars:
Hepliaklqana
Nemelex Xobeh
Okawaru

Annotations:
D:3 Edmund


Innate Abilities, Weirdness & Mutations

You are mostly covered in slimy green scales. (AC +3)


Message History

Flames lash Edmund but do no damage.
Flames lash Edmund.
Edmund is lightly wounded.
Edmund's fire resistance burns away.
Edmund misses you.
Flames lash Edmund but do no damage.
Edmund hits you with a +1 dire flail of protection.
Flames lash Edmund but do no damage.
Edmund is no longer more vulnerable to fire.
Edmund hits you with a +1 dire flail of protection!
Ouch! That really hurt!
* * * LOW HITPOINT WARNING * * *
You are too injured to fight recklessly!
You are too injured to fight recklessly!
You are too injured to fight recklessly!
You are too injured to fight recklessly!
Edmund attacks as you move away! Edmund misses you.
Edmund says, "I'm quite good with sums, too."
Edmund says, "Everyone always remembers my brother. 'Who's Edmund?' they ask!"
Edmund attacks as you move away! Edmund barely misses you.
There is a stone staircase leading up here.
Edmund misses you.
You fly upwards.
There is a stone staircase leading down here.
It was a potion of curing.
You feel better.
Edmund hits you with a +1 dire flail of protection!
* * * LOW HITPOINT WARNING * * *
It was a potion of berserk rage.
A red film seems to cover your vision as you go berserk!
You feel yourself moving faster!
You feel mighty!
Edmund hits you with a +1 dire flail of protection.
* * * LOW HITPOINT WARNING * * *
You barely miss Edmund.
Edmund is lightly wounded.
You completely miss Edmund.
Edmund is lightly wounded.
Edmund barely misses you.
You hit Edmund but do no damage.
Edmund is lightly wounded.
Edmund hits you with a +1 dire flail of protection!
You die...

######## #......#
#.####.# #.# #.# #.#
#.############# #.#
##..............
####.###...############
#.<..#@@...............
#..[.####.##....#######
#....+.................
#....###..###.##..####.
#.........# #.###.####.
#....###.####.# #..#...
####....#
#......####.#.#.
#.....).#
######......#.#<
#.####### #.####.#.#.


You could see Edmund.

Vanquished Creatures
  A gnoll (D:1)
  5 adders
  A worm (D:2)
  A dart slug (D:3)
  2 orcs (D:3)
  5 bats
  6 endoplasms
  2 giant cockroaches
  6 hobgoblins
  2 quokkas (D:1)
  2 ball pythons (D:1)
  7 frilled lizards
  7 goblins
  6 kobolds
  6 rats
59 creatures vanquished.

Vanquished Creatures (others)
  166 foxfires
166 creatures vanquished.

Grand Total: 225 creatures vanquished

Notes
Turn   | Place    | Note
-------+----------+-------------------------------------------
     0 | D:1      | DemonSlayer the Demonspawn Fire Elementalist began the
                  | quest for the Orb.
     0 | D:1      | Reached XP level 1. HP: 13/13 MP: 3/3
    26 | D:1      | Gained mutation: You are partially covered in slimy green
                  | scales. (AC +2) [demonic ancestry]
    26 | D:1      | Reached XP level 2. HP: 19/19 MP: 0/5
   102 | D:1      | Learned a level 2 spell: Scorch
  1287 | D:1      | Gained mutation: You are mostly covered in slimy green
                  | scales. (AC +3) [demonic ancestry]
  1287 | D:1      | Reached XP level 3. HP: 24/24 MP: 3/6
  1722 | D:1      | Found a faded altar of an unknown god.
  1745 | D:1      | Learned a level 3 spell: Conjure Flame
  2987 | D:2      | Reached XP level 4. HP: 30/30 MP: 5/8
  3654 | D:3      | Found a sparkling altar of Nemelex Xobeh.
  3654 | D:3      | Found an iron altar of Okawaru.
  3677 | D:3      | Found a hazy altar of Hepliaklqana.
  4022 | D:4      | Noticed Edmund
  4041 | D:3      | Mangled by Edmund

Illustrated notes

Levels and vault maps discovered:
D:1:      psy_arrival_radial02, layout_basic, shapermc_ecumenical_altar_petra,
          minivault_25
D:2:      layout_basic
D:3:      layout_basic, grunt_temple_overflow_cloverleaf, minmay_vboxes
D:4:      layout_basic, chequers_serial_rivers_small_a, uniq_edmund

Skill      XL: |  1  2  3  4 |
---------------+-------------+-----
Fire Magic     | 3 |  3.6
Dodging        | 2 |  2.1
Stealth        | 2 |  2.1
Spellcasting   | 3 |  3.1
Fighting       | |  0.1
Short Blades   | |  0.3
Conjurations   | |  1.8

Action                   |  1- 3 |  4- 6 || total
-------------------------+-------+-------++-------
Melee: Unarmed           |    12 |       ||    12
       Dagger            |    24 |    44 ||    68
 Cast: Foxfire           |    99 |     4 ||   103
       Scorch            |       |    18 ||    18
  Use: Potion            |       |     2 ||     2
 Stab: Sleeping          |     3 |     3 ||     6
       Distracted        |     1 |       ||     1
Armor: Robe              |    10 |    15 ||    25
Dodge: Dodged            |    34 |    44 ||    78
